 Dungeon Crawl Stone Soup version 0.23.0-3-gf3c87f2 (webtiles) character file.

Game seed: 13250904400254647522

1145 vladvlad the Summoner (level 8, -8/57 HPs)
             Began as a Pale Draconian Summoner on Feb 22, 2019.
             Was a Believer of Vehumet.
             Mangled by a killer bee (10 damage)
             ... on level 6 of the Dungeon.
             The game lasted 02:04:54 (7910 turns).

vladvlad the Summoner (Pale Draconian Summoner)     Turns: 7910, Time: 02:04:54

Health: -8/57      AC:  6    Str: 11      XL:     8   Next: 15%
Magic:  13/17      EV: 12    Int: 22      God:    Vehumet [**....]
Gold:   330        SH:  0    Dex: 10 (11) Spells: 11/20 levels left

rFire    . . .     SeeInvis .   d - +0 spear
rCold    . . .     Gourm    .   (no shield)
rNeg     + . .     Faith    .   (armour unavailable)
rPois    .         Spirit   .   (helmet restricted)
rElec    .         Reflect  .   t - scarf {cloud immunity}
rCorr    .         Harm     .   (no gloves)
MR       .....                  (no boots)
Stlth    ++........             l - amulet of magic regeneration
HPRegen  0.19/turn              r - +4 ring of intelligence
MPRegen  0.40/turn              x - ring of positive energy

@: lethally poisoned (-8 -> -13)
A: breathe steam, unfitting armour, cold-blooded, AC +6
a: Breathe Steam, Renounce Religion


You were on level 6 of the Dungeon.
You worshipped Vehumet.
Vehumet was pleased with you.
You were very hungry.

You visited 1 branch of the dungeon, and saw 7 of its levels.

You collected 330 gold pieces.

Inventory:

Hand Weapons
 d - a +0 spear (weapon)
 B - a +2 whip of electrocution
Armour
 t - a scarf of cloud immunity (worn)
Jewellery
 g - an uncursed amulet of rage
 l - an amulet of magic regeneration (around neck)
 p - an uncursed ring of ice
 r - a +4 ring of intelligence (left hand)
 x - a ring of positive energy (right hand)
Wands
 n - a wand of random effects (47)
 o - a wand of scattershot (3)
 y - a wand of enslavement (6)
Scrolls
 c - 2 scrolls of blinking
 i - 7 scrolls of identify
 q - 4 scrolls of teleportation
 v - 3 scrolls of remove curse
 w - a scroll of fog
 z - a scroll of immolation {unknown}
Potions
 a - a potion of curing
 e - a potion of resistance
 f - 2 potions of magic
 h - 5 potions of degeneration
 j - a potion of lignification
 k - a potion of flight
 s - a potion of might
 u - a potion of cancellation
 A - a potion of haste
Comestibles
 b - 14 rations


   Skills:
 - Level 1.7 Dodging
 - Level 1.7 Stealth
 + Level 6.5 Spellcasting
 + Level 8.0 Summonings


You had 11 spell levels left.
You knew the following spells:

 Your Spells              Type           Power        Failure   Level  Hunger
a - Summon Small Mammal   Summ           ####         1%          1    None
b - Call Imp              Summ           #####...     1%          2    None
c - Call Canine Familiar  Summ           #####...     1%          3    #......
d - Summon Guardian Gole  Hex/Summ       ###.....     4%          3    #......

Your spell library contained the following spells:

 Spells                   Type           Power        Failure   Level  Hunger
 Sandblast                Erth           #.....       9%          1    None
 Summon Ice Beast         Ice/Summ       ###.....     17%         4    ###....
 Summon Lightning Spire   Summ/Air       ###.....     17%         4    ###....


Dungeon Overview and Level Annotations

Branches:
Dungeon (7/15)             Temple (0/1) D:4

Altars:
Cheibriados
Fedhas
Gozag
Makhleb
Okawaru
Vehumet
Yredelemnul
The Shining One

Shops:
D:6 ?[(=


Innate Abilities, Weirdness & Mutations

You can breathe blasts of scalding, opaque steam.
Your pale cyan-grey scales are hard. (AC +6)
You cannot fit into any form of body armour.
You are cold-blooded and may be slowed by cold attacks.


Message History

Aim: a killer bee Attack!
* * * LOW HITPOINT WARNING * * *
You feel sick.
Your wolf closely misses the killer bee.
Your shadow imp completely misses the killer bee.
The killer bee closely misses your wolf.
* * * LOW HITPOINT WARNING * * *
You feel sick. The killer bee barely misses your wolf.
Your wolf completely misses the killer bee.
Your shadow imp completely misses the killer bee.
The killer bee stings your wolf!
Your wolf dies!
Your wolf's corpse disappears in a puff of smoke!
Casting: Call Imp (safe; 1% risk of failure)
Confirm with . or Enter, or press ? or * to list all spells.
A guardian golem appears, shielding your allies.
* * * LOW HITPOINT WARNING * * *
You feel sick.
Your shadow imp hits the killer bee.
The killer bee stings you!
You die...

#....+...#.....#.............
#....#.........#.............
#....#........##..######.####
#...##..###...##..######.####
###'##..#∩##..##.........#...
#...##..#'######.........'...
#..............'.........#...
#............5.#.........#...
#...........@y.#.........#...
#..###....##..####>.####.####
############.8####).####.####
#.........<..#.....#......
#............#(....#......
#............#.∩...##..###
#............#.....##..###
##......########....#......
#.......##....########.....


You could see a killer bee, a friendly guardian golem and a friendly shadow imp.

Vanquished Creatures
  A crimson imp (D:5)
  2 adders
  2 adder skeletons
  2 leopard geckos (D:3)
  3 orcs
  2 goblins (D:3)
  A hobgoblin (D:1)
  2 jackals
  2 kobolds (D:3)
  A quokka (D:5)
  A rat (D:2)
19 creatures vanquished.

Vanquished Creatures (collateral kills)
  Grinder (D:4)
  Prince Ribbit (D:6)
  A black bear (D:6)
  A necrophage (D:6)
  4 ogres
  A centaur (D:6)
  2 scorpions
  3 killer bees (D:6)
  A bullfrog zombie (D:5)
  A quasit (D:6)
  A hound (D:4)
  An orc priest (D:6)
  A jelly (D:5)
  3 bullfrog skeletons
  An iguana (D:5)
  Terence (D:2)
  4 orc wizards
  5 worker ants
  Ijyb (D:3)
  2 hound skeletons (D:6)
  7 gnolls
  7 adders
  An adder skeleton (D:4)
  A worm (D:3)
  A dart slug (D:2)
  3 leopard geckos
  10 orcs
  5 giant cockroaches
  5 goblins
  3 hobgoblins
  5 jackals
  4 kobolds
  3 quokkas
  7 bats
  5 frilled lizards
  A jackal skeleton (D:5)
  6 rats
110 creatures vanquished.

Grand Total: 129 creatures vanquished

Notes
Turn   | Place    | Note
-------+----------+-------------------------------------------
     0 | D:1      | vladvlad the Draconian Summoner began the quest for the
                  | Orb.
     0 | D:1      | Reached XP level 1. HP: 14/14 MP: 3/3
   453 | D:1      | Reached XP level 2. HP: 20/20 MP: 1/5
   458 | D:1      | Learned a level 2 spell: Call Imp
  1388 | D:2      | Noticed Terence
  1409 | D:2      | Killed Terence
  1409 | D:2      | Reached XP level 3. HP: 26/26 MP: 2/7
  1414 | D:2      | Learned a level 3 spell: Call Canine Familiar
  2189 | D:2      | Reached XP level 4. HP: 17/33 MP: 1/8
  2684 | D:3      | Noticed Ijyb
  2710 | D:3      | Killed Ijyb
  2710 | D:3      | Reached skill level 5 in Summonings
  2826 | D:3      | Found an iron altar of Okawaru.
  2979 | D:3      | Found a radiant altar of Vehumet.
  3044 | D:3      | Became a worshipper of Vehumet
  3126 | D:3      | Found a glowing golden altar of the Shining One.
  3128 | D:3      | Noticed an angel
  3141 | D:3      | Found a basalt altar of Yredelemnul.
  3143 | D:3      | Noticed a profane servitor
  3390 | D:3      | Learned a level 3 spell: Summon Guardian Golem
  3520 | D:4      | Reached XP level 5. HP: 12/38 MP: 7/10
  3835 | D:4      | Found a staircase to the Ecumenical Temple.
  3973 | D:4      | Noticed an ogre
  3987 | D:4      | Killed an ogre
  4286 | D:4      | Noticed Grinder
  4317 | D:4      | Reached XP level 6. HP: 40/45 MP: 7/12
  4356 | D:4      | Killed Grinder
  4356 | D:4      | Reached skill level 6 in Summonings
  4974 | D:5      | Entered Level 5 of the Dungeon
  5171 | D:5      | Reached * piety under Vehumet
  5171 | D:5      | Offered knowledge of Magic Dart by Vehumet.
  5232 | D:5      | Found a burning altar of Makhleb.
  5272 | D:5      | Reached skill level 5 in Spellcasting
  5310 | D:5      | Found a snail-covered altar of Cheibriados.
  5423 | D:5      | Your scales start taking on a pale cyan-grey colour.
  5423 | D:5      | Reached XP level 7. HP: 50/50 MP: 6/14
  6050 | D:5      | Found an opulent altar of Gozag.
  6267 | D:6      | Noticed Prince Ribbit
  6284 | D:6      | Killed Prince Ribbit
  6284 | D:6      | Reached skill level 7 in Summonings
  6418 | D:6      | Offered knowledge of Sandblast by Vehumet.
  6548 | D:6      | Found Sastob's Antique Weapon Shoppe.
  6551 | D:6      | Found Esefuqe's Jewellery Shop.
  6553 | D:6      | Reached ** piety under Vehumet
  6695 | D:6      | Reached XP level 8. HP: 57/57 MP: 17/17
  6743 | D:6      | Found Hasaguur's Antique Armour Emporium.
  6797 | D:6      | Found Tenolex's Magic Scroll Shoppe.
  7026 | D:6      | Found a blossoming altar of Fedhas.
  7906 | D:6      | Reached skill level 8 in Summonings
  7910 | D:6      | HP: 2/57 [poisoned by a killer bee]
  7910 | D:6      | Mangled by a killer bee

Skill      XL: |  1  2  3  4  5  6  7  8 |
---------------+-------------------------+-----
Spellcasting   | 3 4 5 6 |  6.5
Summonings     | 5 6 7 8 |  8.0
Dodging        | |  1.7
Stealth        | |  1.7

Action                   |  1- 3 |  4- 6 |  7- 9 || total
-------------------------+-------+-------+-------++-------
Melee: Unarmed           |     8 |       |       ||     8
       Dagger            |    11 |       |       ||    11
       Spear             |       |   109 |    50 ||   159
       Tailslap          |       |     2 |     1 ||     3
 Cast: Summon Small Mamm |    16 |       |       ||    16
       Call Imp          |    27 |    25 |    23 ||    75
       Call Canine Famil |     2 |    23 |    20 ||    45
       Summon Guardian G |       |       |     3 ||     3
 Abil: Evoke Berserk Rag |     1 |       |       ||     1
  Use: Scroll            |     2 |     4 |     3 ||     9
       Potion            |     1 |       |     6 ||     7
 Stab: Sleeping          |     1 |     1 |     1 ||     3
       Distracted        |       |     2 |     1 ||     3
  Eat: Chunk             |     5 |     7 |     8 ||    20
       Ration            |       |     2 |       ||     2
Armor: Skin              |    12 |    21 |    29 ||    62
Dodge: Dodged            |    27 |    28 |    57 ||   112
